[Event "Israeli Championship 2022"]
[Site "Yosiah Arad"]
[Date "2022.12.13"]
[Round "9.1"]
[White "Mikhalevski, Victor"]
[Black "Gorshtein, Ido"]
[Result "1/2-1/2"]
[ECO "A85"]
[WhiteElo "2517"]
[BlackElo "2469"]
[Annotator "TA"]
[PlyCount "103"]
[EventDate "2022.12.05"]
[EventType "swiss"]
[EventCountry "ISR"]
[SourceTitle "playchess.com"]
[Source "ChessBase"]
[SourceQuality "1"]
[TimeControl "40/5400+30:1800+30"]

1. c4 f5 2. d4 Nf6 3. Nc3 d6 4. Bg5 Nbd7 5. e3 h6 6. Bh4 {[%emt 0:00:17] A85: Dutch Defence: 2 c4 Nf6 3 Nc3.} g6 7. f3 Bg7 8. Bd3 {[%emt 0:00:06] White is slightly better.} O-O 9. Nge2 e5 {[%emt 0:02:23] Prevents Nf4.} 10. O-O c6 {[%emt 0:01:29] [#]} 11. Qd2 $146 ({Predecessor:} 11. b4 Qe7 12. Rb1 g5 13. Bf2 e4 14. fxe4 fxe4 15. Bc2 d5 16. cxd5 cxd5 17. Bb3 {1-0 (34) Lorparizangeneh,S (2494)-Baglan,E (2336) Stari Banovci 2019}) 11... Rf7 12. Rad1 {[%emt 0:08:55] White is more active.} Nf8 13. Bc2 {[%emt 0:00:51] And now dxe5 would win.} Qe8 14. Rfe1 Kh8 15. b3 Bd7 16. Bf2 Re7 ({Better is} 16... e4) 17. e4 $16 f4 18. c5 $1 dxc5 19. dxe5 (19. dxc5 g5 $11) 19... Nh5 20. Bxc5 Rf7 21. Na4 g5 (21... b6 $16 {was necessary.}) 22. Bd6 $18 g4 23. Nd4 Bxe5 24. Nf5 gxf3 25. gxf3 Ng6 (25... b6 {was called for.} 26. Kh1 (26. Nxh6 Rg7+ 27. Kf2 Bh3 $11) 26... Rf6) 26. Kh1 (26. Nxh6 Rg7 27. Kf2 (27. Nf5 Nh4+ 28. Kh1 Nxf3 $17) 27... Qd8 $11) 26... Rf6 27. Nc5 ({White should try} 27. Ba3 $18 Bc8 28. Nc5 (28. Nxh6 Nh4 $15)) 27... Bxf5 $16 28. Bxe5 Nxe5 29. exf5 Ng3+ 30. hxg3 Qh5+ 31. Qh2 Qxf3+ 32. Kg1 Rg8 33. Ne4 (33. Rxe5 $2 {is the wrong capture.} Rxg3+ $19) 33... fxg3 {[%emt 0:00:25] [#]} 34. Qh4 ({White must play} 34. Qd2 $1 $16 Qxf5 35. Rf1 (35. Nxf6 Nf3+ 36. Kg2 Nh4+ 37. Kg1 Nf3+ 38. Kg2 Nh4+ 39. Kg1 Nf3+ $11) 35... Nf3+ {[#]} 36. Rxf3 $1 Qxf3 37. Nxf6 Qxf6 38. Qd4 Qxd4+ 39. Rxd4) 34... Qf2+ $1 $11 35. Nxf2 Nf3+ 36. Kf1 g2+ 37. Ke2 Nxh4 38. Rg1 Nxf5 39. Bxf5 (39. Rd7 {keeps more tension.} Re8+ 40. Kd2 Nh4 41. Ng4) 39... Rxf5 {[%emt 0:00:07] The position is equal.} 40. Rd3 Ra5 41. a4 Re5+ 42. Re3 Rxe3+ 43. Kxe3 {[%emt 0:00:05][%mdl 4096] Endgame KRN-KR} Rg3+ 44. Kf4 Rxb3 45. Rxg2 {[%emt 0:00:03] aiming for Ne4.} Rb2 46. Kf5 a5 47. Kf6 b5 48. axb5 cxb5 49. Kf7 {[%emt 0:00:08] White wants to mate with Rg8+.} Rc2 50. Rg8+ Kh7 51. Rg7+ Kh8 52. Rg8+ {[%emt 0:00:09] White really could win this.   Weighted Error Value: White=0.18 (very precise) /Black=0.10 (very precise)} 1/2-1/2

[Event "Israeli Championship 2022"]
[Site "Yosiah Arad"]
[Date "2022.12.13"]
[Round "9.2"]
[White "Bronstein, Or"]
[Black "Boruchovsky, Avital"]
[Result "1/2-1/2"]
[ECO "D30"]
[WhiteElo "2442"]
[BlackElo "2552"]
[Annotator "TA"]
[PlyCount "96"]
[EventDate "2022.12.05"]
[EventType "swiss"]
[EventCountry "ISR"]
[SourceTitle "playchess.com"]
[Source "ChessBase"]
[SourceQuality "1"]
[TimeControl "40/5400+30:1800+30"]

1. d4 Nf6 2. c4 e6 3. Nf3 d5 4. g3 Bb4+ 5. Bd2 Bd6 6. Qc2 O-O 7. Bg2 c6 8. Nc3 {[%emt 0:00:31] D30: Queen's Gambit Declined: Systems without Nc3.} Nbd7 9. b3 dxc4 10. bxc4 e5 11. O-O exd4 12. Nxd4 Re8 (12... Nb6 {is more complex.} 13. Ne4 Be5 14. Bc3 Nxe4 15. Bxe4 f5) 13. Rad1 {[%emt 0:02:13] [#]} Nc5 $146 {[%emt 0:04:28][%cal Od6g3] [#]} ({Predecessor:} 13... Bf8 14. h3 h6 15. e4 Nc5 16. Bf4 Qa5 17. Nb3 Qb6 18. Rb1 Nfd7 19. Rfd1 Qb4 {½-½ (40) Barber,P (2354)-Vivante Sowter,J (2123) ICCF email 2021}) 14. Nf5 (14. Nxc6 $1 $14 bxc6 15. Bf4) 14... Bxf5 $11 15. Qxf5 Qe7 16. Be3 {[%emt 0:22:03][%cal Od1d6] aiming for Rxd6! A strong pair of Bishops.} Be5 17. Qc2 Ng4 {[%emt 0:09:10] [#] Hoping for ...Nxe3.} 18. Bxc5 Qxc5 19. Ne4 Qe7 20. h3 (20. Qb3 {with more complications.} Rad8 21. c5 Nf6 22. Nd6) 20... Nf6 {[%emt 0:00:10] The position is equal.} 21. Nxf6+ Bxf6 22. Bf3 Rad8 23. Rxd8 Rxd8 24. Rd1 Rxd1+ 25. Qxd1 {[%emt 0:00:39][%mdl 4096] Endgame KQB-KQB} g6 26. Kg2 h5 27. h4 Kg7 28. Qd3 a5 29. Qb3 Qc7 30. Be4 Bd4 31. e3 Bc5 32. Qc3+ Kg8 33. Bc2 Bb4 34. Qd4 Qe7 35. Qe4 Qxe4+ 36. Bxe4 {[%emt 0:00:02] KB-KB} a4 37. Bc2 a3 38. f4 Be1 39. f5 Kg7 40. fxg6 fxg6 41. Bd3 Kf6 42. Kf3 Bb4 43. Bf1 Be7 44. Kf4 Bf8 45. Kf3 Bh6 46. Bd3 Kf7 47. Kf2 Kf6 48. Kf3 g5 {[%emt 0:00:00] Weighted Error Value: White=0.06 (flawless) /Black=0.05 (flawless)} 1/2-1/2

[Event "Israeli Championship 2022"]
[Site "Yosiah Arad"]
[Date "2022.12.13"]
[Round "9.3"]
[White "Kochavi, Ori"]
[Black "Dvoirys, Semen I."]
[Result "1-0"]
[ECO "B90"]
[WhiteElo "2326"]
[BlackElo "2461"]
[Annotator "TA"]
[PlyCount "65"]
[EventDate "2022.12.05"]
[EventType "swiss"]
[EventCountry "ISR"]
[SourceTitle "playchess.com"]
[Source "ChessBase"]
[SourceQuality "1"]
[TimeControl "40/5400+30:1800+30"]

1. e4 {[%emt 0:00:37] Ftacnik,Lubomir} c5 2. Nf3 d6 3. d4 cxd4 4. Nxd4 Nf6 5. Nc3 a6 6. Be3 e5 7. Nf3 Qc7 8. a4 b6 9. Nd5 {[%emt 0:00:45] B90: Sicilian Najdorf: Unusual White 6th moves, 6 Be3 Ng4 and 6 Be3 e5.} Nxd5 10. Qxd5 Nc6 11. Ng5 {[%emt 0:00:07][%cal Og5f7] White is slightly better.} Rb8 $1 (11... Nb4 $2 12. Qxa8 Be7 13. Bxb6 $1 $18 ) 12. Bc4 Nd8 {[%emt 0:00:30] Threatens to win with ...f6.} 13. Qd3 h6 14. Nf3 Ra8 {[%emt 0:00:20] [#]} ({Better is} 14... Be7) 15. O-O $146 ({Predecessor:} 15. Nd2 Ne6 16. Bd5 Rb8 17. Qc4 Nc5 18. b4 b5 19. axb5 axb5 20. Qc3 Ne6 21. Qxc7 Nxc7 {1-0 (36) Carlsen,M (2570)-Amonatov,F (2572) Khanty-Mansiysk 2005 CBM 111 [Ftacnik,Lubomir]}) 15... Be7 16. Ra3 O-O {[%emt 0:05:55] [#]} 17. Rc3 $1 {[%emt 0:10:00][%cal Oc4f7] And now Bxf7+! would win.} Qd7 18. Bxb6 {[%emt 0:08:47] Hoping for Bd5.} Ne6 19. Be3 (19. a5 {keeps more tension.} Nf4 20. Qd2 Qg4 21. Ne1) 19... Qxa4 20. Ra3 (20. Rb3 {is more complex.} Nc7 21. Rb6 Rd8 22. Bb3) 20... Qd7 21. Bxa6 {[%emt 0:00:10] White is much more active. The black rooks are badly placed.} Rb8 ({Black should try} 21... Qc7 $1 $14) 22. Bc4 $36 {[%emt 0:15:17][%cal Ba6c4,Bc4b3,Bb3d5][%mdl 2080] Keeping Black busy.} Rxb2 {[%emt 0:02:57] [#]} 23. Bb3 $1 Qc6 24. Nd2 (24. Ra7 {feels hotter.} Bg5 25. Nxg5 Nxg5 26. f3) 24... Bb7 25. Rfa1 Rc8 (25... Bg5 $16 {was necessary.}) 26. Ra7 {[%emt 0:01:43] Strongly threatening Bd5.} Bf8 $2 {[%emt 0:05:58] A mistake that costs the game.} (26... Bg5 $16 {was called for.}) 27. Bd5 $18 Qc7 28. Nc4 Rb4 29. Na5 Nd8 30. Nxb7 Nxb7 (30... Rb8 31. h3 R4xb7 32. Bxb7 Rxb7) 31. Qa3 {[%emt 0:00:30] White is clearly winning.} Rb5 32. Qa6 Rb2 33. Rxb7 {[%emt 0:00:13] Weighted Error Value: White=0.15 (very precise) /Black=0.42} ({Weaker is} 33. Bxb7 Rb8 $16) 1-0

[Event "Israeli Championship 2022"]
[Site "Yosiah Arad"]
[Date "2022.12.13"]
[Round "9.4"]
[White "Sokolovsky, Yahli"]
[Black "Levin, Guy"]
[Result "1-0"]
[ECO "B27"]
[WhiteElo "2414"]
[BlackElo "2382"]
[Annotator "TA"]
[PlyCount "139"]
[EventDate "2022.12.05"]
[EventType "swiss"]
[EventCountry "ISR"]
[SourceTitle "playchess.com"]
[Source "ChessBase"]
[SourceQuality "1"]
[TimeControl "40/5400+30:1800+30"]

1. e4 c5 2. Nf3 b6 3. Bc4 Bb7 4. O-O e6 5. Re1 Nf6 6. Nc3 {[%emt 0:06:08] [#] B27: Sicilian: 2 Nf3, unusual Black 2nd moves.} a6 $146 ({Predecessor:} 6... Nc6 7. e5 d5 8. Bf1 Nd7 9. d3 Be7 10. Bf4 g5 11. Bg3 g4 12. Nd2 h5 {0-1 (52) Olape,B (2273)-Jobava,B (2713) Tromsoe 2014}) 7. d4 b5 {[%emt 0:07:19] [#] Against e5} 8. Bd5 {[%emt 0:03:29] White is slightly better.} Nc6 $1 9. Bg5 cxd4 (9... h6 $5 10. Bxf6 gxf6 $11) 10. Nxd4 b4 {[%emt 0:17:14] Against e5} (10... Be7 $11 {keeps the balance.}) 11. e5 $1 $16 {[%emt 0:11:25] White is more active.} bxc3 (11... h6 $142) 12. exf6 $18 Qc7 $2 {[%emt 0:19:19] [#]} (12... cxb2 13. Rb1 Qc7) 13. bxc3 $2 (13. Bxe6 $1 $18 {[%mdl 512] and White stays clearly on top.} O-O-O 14. Bd5 (14. Bxf7 cxb2 15. Rb1 Nxd4 $16) (14. fxg7 Bxg7 15. Bxd8 Rxd8 $14)) 13... g6 $2 {[%emt 0:02:26][%mdl 8192] [#]} (13... Nxd4 $16 14. Qxd4 Rg8) 14. Nxe6 $1 dxe6 {[%emt 0:02:46] [#]} 15. Bxe6 Ne5 (15... fxe6 $2 16. Rxe6+ $18) 16. Bb3 (16. Bh3 $18 {[%cal Oe1e5] Intending Rxe5+! and mate.} Rd8 17. Qe2) 16... Bd6 $16 17. Ba4+ Kf8 $2 (17... Bc6 $16 {was necessary.}) 18. Bh6+ Kg8 19. Rb1 (19. Qd4 $1 $18 {Rad1 is the strong threat.} Nc6 20. Qc4) 19... Rd8 (19... Bc6 $16 {might work better.} 20. Qd4 (20. Bxc6 Nxc6 21. g3 Bf8 $14) 20... Bxa4 21. Qxa4 Qc8) 20. Rxb7 Qxb7 $14 21. Rxe5 {[%emt 0:00:03][%mdl 64] Pin} Bf8 $1 22. Bd2 (22. Qxd8 Qb1+) 22... h5 {[%emt 0:01:51] White must now prevent ...Bh6.} 23. Qe1 (23. h4 $5 ) 23... Qb6 (23... h4 $14) 24. h4 (24. Be3 $16 Qxf6 25. Bd4) 24... Bd6 $2 {[%emt 0:00:34][%mdl 8192] [#]} (24... Qxf6 $11 25. Re4 (25. Bg5 Qxe5 26. Qxe5 Rd1+ 27. Kh2 Bd6 $17) 25... Bc5) 25. Re7 $1 $18 Bc5 (25... Rf8 26. Qe4) 26. Bb3 $1 (26. Re8+ Kh7 27. Re2 Rd5 $15) 26... Bxe7 (26... Rh7 $18 27. Re8+ Bf8) 27. fxe7 (27. Bxf7+ $142 Kh7 28. Qxe7 Qxf6 29. Qxf6 Rhg8 30. Bxg8+ Kxg8 31. Qxd8+ Kf7 32. Qd7+ Kf6 33. Bg5+ Ke5 34. f4+ Ke4 35. Qe6#) 27... Re8 28. Qe5 {[%emt 0:00:26] Against Qd6} (28. Ba4 Kg7 $11) 28... Kh7 29. Be3 {[%emt 0:00:35] Against f6} (29. Bxf7 Qb1+ 30. Kh2 Qb8 31. Qxb8 Rxb8 $16) 29... Qb7 30. Bd4 $2 {[%emt 0:00:30] This pair of bishops is nice.} ({Weaker is} 30. Bxf7 Qb1+ 31. Kh2 Qb8 32. Qxb8 Rxb8 $18) (30. Bc5 $18 Qd7 31. Bxf7) 30... f6 $1 $11 31. Qxf6 {[%emt 0:00:19][%csl Gd4][%cal Rf6g7] Chess con chili.} Qxe7 32. Qxe7+ ({Don't play} 32. Qxa6 Qxh4 33. Qf1 Rhf8 $17) 32... Rxe7 33. Bxh8 Kxh8 {[%emt 0:03:54][%mdl 4096] Endgame KR-KB} 34. f4 (34. g3 $11) 34... Rc7 ({Black should play} 34... Re4 $1 $17 35. g3 Re3) 35. c4 $1 Rf7 36. g3 Kg7 37. Kf2 {[%emt 0:00:03] Hoping for Ke3.} Re7 38. c3 Kf6 39. Bc2 Rc7 40. Bb3 Re7 {[%emt 0:00:00][%mdl 1024] Black has compensation.} 41. Kf3 Re8 42. Kf2 Re7 43. Bc2 Re8 44. a3 Rc8 45. Bd3 Rb8 46. Ke3 Rb3 47. Kd4 Rxa3 48. c5 {[%emt 0:00:05][%cal Od3g6] aiming for Bxg6!} Ra4+ 49. Kd5 {[%emt 0:02:11] And now Kd6 would win.} Ra3 50. Kc4 Ra4+ 51. Kb3 Ra1 52. c6 {[%emt 0:00:16] c7 would kill now.} Ke7 {[%emt 0:00:37] Against c7} 53. Bxg6 Rg1 54. f5 {[%emt 0:01:29] Strongly threatening f6+.} Kd6 55. f6 Rxg3 56. f7 (56. Bxh5 $5 Rg8 $8 57. c4 $11) 56... Rf3 {[%emt 0:00:03] Against f8Q+} 57. Bxh5 Rf5 {[%emt 0:01:15] [#]} (57... Rf6 $1 $11) 58. Bg6 (58. c4 $1 $18 {is the precise move to win.}) 58... Rb5+ $2 (58... Rf6 $16) 59. Ka4 $2 (59. Kc4 Rb8 60. Be4) 59... Rb8 {[%emt 0:00:03] [#] Inhibits f8Q+.} (59... Ke7 60. c4 Rc5) 60. Bh7 $1 $18 Rh8 {[%emt 0:01:35] [#] Prevents h5.} 61. h5 $1 Ke7 (61... Rc8 62. h6) 62. Bf5 {[%emt 0:00:28] White mates.} Kd6 63. Bd7 Ke7 64. h6 Kd6 65. Be8 Kc7 66. Ka5 Rf8 67. Kxa6 Rh8 68. Kb5 Rxh6 69. f8=Q Rh5+ 70. Qc5 {[%emt 0:00:21] Weighted Error Value: White=0.69/Black=0.51} 1-0

[Event "Israeli Championship 2022"]
[Site "Yosiah Arad"]
[Date "2022.12.13"]
[Round "9.5"]
[White "Kobo, Ori"]
[Black "Yaniv, Yuval"]
[Result "1-0"]
[ECO "A46"]
[WhiteElo "2554"]
[BlackElo "2343"]
[Annotator "TA"]
[PlyCount "131"]
[EventDate "2022.12.05"]
[EventType "swiss"]
[EventCountry "ISR"]
[SourceTitle "playchess.com"]
[Source "ChessBase"]
[SourceQuality "1"]
[TimeControl "40/5400+30:1800+30"]

1. d4 d5 2. Nf3 Nf6 3. g3 e6 4. Bg2 b5 5. O-O Be7 6. a4 {[%emt 0:00:34] A46: 1 d4 Nf6 2 Nf3 e6: Torre, London and Colle Systems.} b4 7. c4 bxc3 8. bxc3 {[%emt 0:01:26][%cal Oc3c4] The position is equal.} O-O 9. Ne5 c5 10. c4 {[%emt 0:04:09] [#]} Bb7 $146 ({Predecessor:} 10... cxd4 11. Qxd4 Nfd7 12. cxd5 Nxe5 13. Qxe5 Bf6 14. Qe3 Bb7 15. Nc3 exd5 16. Qd2 Nd7 {½-½ (41) Ochoa de la Rosa,M (2409)-Cabrera Gonzalez,M (2250) Santa Clara 2022}) 11. Nc3 cxd4 12. Qxd4 Nc6 13. Nxc6 Bxc6 14. Bf4 Qa5 15. cxd5 (15. Nb5 {simplifies} Qb6 16. Be3 Qxd4 17. Bxd4 a5 18. Rfd1) 15... Nxd5 16. Nxd5 Bxd5 17. Bxd5 (17. Bd2 {with more complications.} Qa6 18. Bxd5 Rfd8 19. Bc3) 17... Rad8 {[%emt 0:04:39][%cal Ba8d8,Bd8d5,Bd5c5,Bc5c4][%mdl 96] Pin} 18. Rab1 {[%emt 0:11:45] And now Rb5 would win.} Rxd5 19. Qc4 Rc5 20. Qe4 Rfc8 21. Rb7 (21. Rfd1 {simplifies} Rc4 22. Rd4 Rxd4 23. Qxd4 Bc5 24. Qc4) 21... Bf8 22. Rd1 $36 {[%emt 0:06:07][%mdl 2048] next Rdd7 is good for White. White has some pressure.} Rc4 23. Qf3 {[%emt 0:00:13] Bd6 is the strong threat.} Qxa4 {[%emt 0:34:09] [#]} (23... Rxa4 $11 24. Kg2 Qf5) 24. Rdd7 $1 $16 {[%emt 0:00:53] aiming for Be5. White is more active. Black is on the road to losing.} Qa1+ (24... Rc3 $14 25. Be3 f5) 25. Kg2 Qf6 (25... a5 $16) 26. Rxa7 $18 Bb4 $2 (26... Rc2 {was necessary.} 27. h4 Qc3 28. Rxf7 Qxf3+ 29. Kxf3 (29. exf3 Rd8 $16) 29... R2c5) 27. Rxf7 Qxf7 28. Rxf7 Kxf7 29. Be5+ Kg8 30. Qb7 Bf8 31. Qd7 {[%emt 0:00:09] Against Re8} R8c6 32. Qe8 Ra6 33. h4 Re4 34. Qc8 {[%emt 0:01:20] Threatens to win with Bxg7.} Rea4 35. Bc3 Rd6 36. Qe8 Rda6 37. Qc8 $2 (37. h5 $18) 37... Kf7 $2 (37... Rd6 $1 $11 38. h5 h6) 38. Qd7+ Kg8 39. Qe8 Rc4 40. Bb2 Rc7 41. Be5 Rca7 42. h5 Ra8 43. Qd7 R8a7 44. Qc8 Kf7 45. Bd4 Ra8 46. Qb7+ Kg8 47. g4 Ra5 48. f4 {[%emt 0:01:52][%cal Oh5h6] Hoping for h6!} Re8 {[%emt 0:00:42] Inhibits h6.} 49. Qc6 {[%emt 0:02:19] Inhibits Rd5.} Raa8 50. g5 Rac8 51. Qe4 Rcd8 52. Kf3 Rd5 53. Kg4 Bd6 54. e3 Bf8 55. Qc2 Rdd8 56. Qg2 Rd5 57. Qa2 Bc5 (57... Rdd8 $142 58. Qa7 Re7) 58. Qa4 Re7 (58... Red8 $18 59. Bxc5 Rxc5) 59. g6 {[%emt 0:00:00] White mates.} hxg6 60. hxg6 Kf8 61. Qa8+ Re8 {[%emt 0:00:05] [#]} 62. Bxg7+ $1 Kxg7 (62... Ke7 63. Bf6+) 63. Qxe8 Rf5 64. Qd7+ Kxg6 65. Qxe6+ Rf6 66. Qg8+ {[%emt 0:00:00] Weighted Error Value: White=0.17 (very precise) /Black=0.39} 1-0

[Event "Israeli Championship 2022"]
[Site "Yosiah Arad"]
[Date "2022.12.13"]
[Round "9.7"]
[White "Gorodetzky, David"]
[Black "Levitan, Tal"]
[Result "1-0"]
[ECO "E04"]
[WhiteElo "2495"]
[BlackElo "2243"]
[Annotator "TA"]
[PlyCount "35"]
[EventDate "2022.12.05"]
[EventType "swiss"]
[EventCountry "ISR"]
[SourceTitle "playchess.com"]
[Source "ChessBase"]
[SourceQuality "1"]
[TimeControl "40/5400+30:1800+30"]

1. d4 Nf6 2. c4 e6 3. Nf3 d5 4. g3 dxc4 5. Bg2 a6 6. Ne5 Bb4+ {[%emt 0:00:18] E04: Open Catalan: 5 Nf3.} 7. Nc3 $1 {[%emt 0:01:59] Threatens to win with Qa4+.} (7. Bd2 Qxd4 8. Qa4+ (8. Bxb4 Qxe5 9. Bc3 Qc5 $11) 8... Nbd7 9. Qxb4 Qxe5 $11) 7... Nd5 8. O-O {[%emt 0:02:09] Nxd5 is the strong threat.} (8. Nxc4 Nxc3 9. bxc3 Bxc3+ 10. Bd2 Bxa1 11. Qxa1 O-O $17) 8... Nxc3 {[%emt 0:03:42] The position is equal.} 9. bxc3 Bxc3 10. Rb1 {[%emt 0:00:09][%cal Oc1a3] And now Ba3! would win.} Qxd4 11. Qa4+ b5 $1 12. Qa3 {[%emt 0:01:12] [#] Black must now prevent Bf4.} b4 $146 {[%emt 0:27:31] [#]} (12... Qxe5 $11 13. Bf4 Qf6 14. Bxc7 (14. Bxa8 e5 $15) 14... Be5 15. Bxe5 Qxe5 16. Bxa8 Qc7) ({Predecessor:} 12... Qxe5 13. Bf4 Qf6 14. Bxc7 b4 15. Rxb4 Bxb4 16. Qxb4 a5 17. Qb5+ Bd7 18. Qxc4 Na6 19. Bxa8 Nxc7 20. Qxc7 {½-½ (30) Wen,Y (2594)-Xu,X (2569) Liaocheng 2021}) 13. Qa4+ $1 $16 ({And not} 13. Rxb4 Bxb4 14. Qa4+ (14. Qxb4 Qxe5 15. Bxa8 Qb5 $15) 14... Nd7 15. Bxa8 Qxe5 $15) 13... Ke7 {[%emt 0:08:22] [#]} (13... Nd7 {was necessary.}) 14. Bf4 (14. Rxb4 $1 $18 Bxb4 15. Qxb4+ c5 16. Qa3 Qxe5 17. Bf4) 14... Bd7 $2 {[%emt 0:14:55][%mdl 8192] This costs Black the game.} (14... g5 $16 {is more resistant.} 15. Bxg5+ (15. Bxa8 gxf4 16. Rxb4 Qxe5 $15) 15... f6) 15. Nxd7 $18 {[%emt 0:06:13][%mdl 64] Discovered Attack. White is clearly winning.} Qxd7 16. Qa5 c6 (16... Rc8 $142 17. Bxa8 Qb5 18. Bxc7 Bd2 19. Qxb5 axb5) 17. Qc5+ Ke8 18. Bxb8 {[%emt 0:00:13] Weighted Error Value: White=0.10 (very precise) /Black=0.67} 1-0

[Event "Israeli Championship 2022"]
[Site "Yosiah Arad"]
[Date "2022.12.13"]
[Round "9.8"]
[White "Rozen, Eytan"]
[Black "Parkhov, Yair"]
[Result "1/2-1/2"]
[ECO "B51"]
[WhiteElo "2459"]
[BlackElo "2470"]
[Annotator "TA"]
[PlyCount "34"]
[EventDate "2022.12.05"]
[EventType "swiss"]
[EventCountry "ISR"]
[SourceTitle "playchess.com"]
[Source "ChessBase"]
[SourceQuality "1"]
[TimeControl "40/5400+30:1800+30"]

1. e4 c5 2. Nf3 d6 3. Bb5+ Nd7 4. O-O a6 5. Bd3 Ngf6 6. c3 {[%emt 0:00:05] B51: Sicilian: Moscow Variation (3 Bb5+) without 3...Bd7.} e5 7. Bc2 b5 8. d4 {[%emt 0:00:05] White has an edge.} Bb7 9. a4 Be7 {[%emt 0:06:53] [#] The position is equal.} ({Resist} 9... Nxe4 10. Qe2 Nef6 11. dxe5 dxe5 12. axb5 $16) (9... Bxe4 $2 10. Bxe4 Nxe4 11. dxe5 dxe5 12. Qe2 $16) 10. axb5 $146 ({Predecessor:} 10. Qe2 O-O 11. d5 c4 12. Na3 Nc5 13. Bd2 Qb6 14. Be3 Bc8 15. h3 Bd7 16. Nd2 {½-½ (36) Kalogeris,I (2307)-Espinosa Veloz,E (2485) Chess.com INT 2020}) 10... axb5 11. Rxa8 Qxa8 12. Na3 cxd4 13. cxd4 O-O 14. dxe5 dxe5 15. Nxb5 Bxe4 16. Bxe4 Qxe4 17. Re1 Qc6 {[%emt 0:07:36] Weighted Error Value: White=0.05 (flawless) /Black=0.05 (flawless)} 1/2-1/2

[Event "Israeli Championship 2022"]
[Site "Yosiah Arad"]
[Date "2022.12.13"]
[Round "9.9"]
[White "Iliaguev, Nisim"]
[Black "Streltsov, Alexey"]
[Result "1-0"]
[ECO "A20"]
[WhiteElo "2364"]
[BlackElo "2313"]
[Annotator "TA"]
[PlyCount "95"]
[EventDate "2022.12.05"]
[EventType "swiss"]
[EventCountry "ISR"]
[SourceTitle "playchess.com"]
[Source "ChessBase"]
[SourceQuality "1"]
[TimeControl "40/5400+30:1800+30"]

1. c4 {[%emt 0:00:04] ChessBase II} e5 2. g3 c6 3. Bg2 d5 4. cxd5 cxd5 5. d4 e4 6. Nc3 {[%emt 0:04:06] A20: English Opening: 1...e5.} Nc6 7. Nh3 Be7 8. O-O {[%emt 0:03:22] White has an edge.} Bf6 9. Nf4 Nge7 10. e3 Bg5 $1 {[%emt 0:01:49] [#]} 11. Nh3 $146 {[%emt 0:07:11][%mdl 2048] White has some pressure.} ({Predecessor:} 11. Nh5 O-O 12. f4 exf3 13. Qxf3 Nb4 14. Bd2 Bf5 15. h4 Qd7 16. hxg5 Bg4 17. Nf6+ gxf6 18. Qxf6 {½-½ (47) Podzielny,K (2435)-Murey,J (2535) France 1987 EXT 2005 [ChessBase II]}) 11... h6 12. f3 f5 13. fxe4 fxe4 14. Bd2 Be6 15. Qh5+ $1 Kd7 (15... g6 $2 16. Nxg5 gxh5 17. Nxe6 $18) 16. Nxg5 {[%emt 0:01:28] White is more active.} hxg5 17. Qxg5 Qe8 18. Ne2 (18. Qxg7 $2 Qh5 19. h3 (19. h4 $2 Rag8 $19) 19... Rag8 $19) 18... Qg6 19. Qxg6 Nxg6 20. Nc3 Rh5 21. Rf2 Rah8 22. Bf1 Nge7 23. Na4 {[%emt 0:02:29] Hoping for Nc5+.} Kc7 24. Rc1 Bg4 (24... Kb8 $16 25. Be2 R5h6) 25. b4 $1 $18 a6 26. Be2 (26. Nc5 $1 $18 {is the precise move to win.}) 26... Bxe2 $16 27. Rxe2 Nf5 28. Rg2 {[%emt 0:00:25] g4 is the strong threat.} Nh6 29. g4 Rh4 30. Be1 Rxg4 31. Bg3+ Kd7 (31... Rxg3 $16 32. Rxg3 (32. hxg3 Ng4 $14) 32... Nf5) 32. Nc5+ Ke8 $2 (32... Kc8 {might work better.}) 33. Nxb7 $18 Ne7 34. Bf4 (34. Rc7 $1 $18 Rf8 35. Nd6+ Kd8 36. Ra7) 34... Rxg2+ $16 35. Kxg2 {[%emt 0:00:01] And now Rc7 would win.} Nhf5 {[%emt 0:00:06] [#]} (35... g5 $16 {is a better defense.} 36. Bxg5 Rg8) 36. Nd6+ $1 $18 Kd7 37. Nxf5 Nxf5 {[%emt 0:00:01][%mdl 4096] Endgame KRB-KRN} 38. Rc7+ Ke6 39. Rc6+ Kd7 40. Rc7+ ({Don't take} 40. Rxa6 $6 g5 41. Bxg5 Rg8) 40... Ke6 $1 41. Kf2 (41. Bg5 $18 {is more deadly.}) 41... g5 $16 42. Bg3 ({Reject} 42. Bxg5 Rxh2+ 43. Kf1 Rxa2 $11) (42. Be5 $5 Rh3 43. Rc6+ Kd7 44. Rc3 $16 (44. Rxa6 Rf3+ 45. Ke2 Rxe3+ 46. Kf1 Rf3+ 47. Ke2 Re3+ 48. Kf2 Rf3+ 49. Ke2 Re3+ $11)) 42... Rf8 $1 43. Rc6+ Kd7 44. Rxa6 {[%emt 0:00:00] Black must now prevent Be5.} Nxd4+ $2 {[%emt 0:00:00] [#] Black cannot hold the game after this.} ({Black should try} 44... Nxg3+ $14 45. Kxg3 Rf3+ 46. Kg4 Rxe3) 45. Ke1 $1 $18 Nc2+ (45... Nf5 $142) 46. Kd2 Nxb4 47. Rd6+ Kc8 $2 (47... Ke8 {is more resistant.} 48. a3 Nd3 49. Rxd5 Rf6) 48. Rb6 {[%emt 0:00:00] Weighted Error Value: White=0.18 (very precise) /Black=0.30} 1-0